 Dungeon Crawl Stone Soup version 0.29.0-4-gdea44cf6ec (webtiles) character file.

Game seed: 6642509494775153443

53 qw the Chopper (level 3, -1/35 HPs)
             Began as an Ogre Enchanter on Sept 3, 2022.
             Slain by Ijyb
             ... wielding a +0 club
              (2 damage)
             ... on level 3 of the Dungeon.
             The game lasted 00:01:53 (3687 turns).

qw the Chopper (Ogre Enchanter)                     Turns: 3687, Time: 00:01:54

Health: -1/35      AC:  4    Str: 14    XL:     3   Next: 87%
Magic:  6/6        EV:  9    Int: 16    God:
Gold:   129        SH:  0    Dex:  9    Spells: 6/6 levels left

rFire   . . .      SeeInvis .   Y - +0 hand axe
rCold   . . .      Faith    .   (no shield)
rNeg    . . .      Spirit   .   b - +0 robe
rPois   .          Reflect  .   (helmet restricted)
rElec   .          Harm     .   e - +0 cloak
rCorr   .          Rampage  .   (gloves unavailable)
Will    .....                   (boots unavailable)
Stlth   ++........              (no amulet)
HPRegen 0.11/turn               (no ring)
MPRegen 0.10/turn               (no ring)

@: no status effects
A: large, unfitting armour, tough skin 1
a: no special abilities


You were on level 3 of the Dungeon.
You visited 1 branch of the dungeon, and saw 3 of its levels.

You collected 129 gold pieces.


Innate Abilities, Weirdness & Mutations

You are too large for most types of armour.
You have tough skin. (AC +1)


   Skills:
 - Level 2.0 Fighting
 - Level 0.8 Short Blades
 + Level 2.8 Axes
 - Level 1.7 Dodging
 - Level 2.1 Stealth
 - Level 2.4 Spellcasting
 - Level 2.6 Hexes


You had 6 spell levels left.
You didn't know any spells.
Your spell library contained the following spells:

 Spells                   Type           Power      Damage    Failure   Level
 Ensorcelled Hibernation  Hex/Ice        12%        N/A       17%         2
 Confusing Touch          Hex            10%        N/A       21%         3
 Tukima's Dance           Hex            10%        N/A       21%         3
 Dazzling Flash           Conj/Hex       12%        N/A       34%         3

Inventory:

Hand Weapons
 g - a +0 whip
 Y - a +0 hand axe (weapon)
Armour
 b - a +0 robe (worn)
 e - a +0 cloak (worn)
Jewellery
 c - a ring of fire
Scrolls
 a - a scroll of noise {unknown}
 f - 2 scrolls of identify
Potions
 d - a potion of curing {unknown}
 h - a potion of heal wounds {unknown}
 j - a potion of magic {unknown}

Dungeon Overview and Level Annotations

Branches:
Dungeon (3/15)

Altars:

Annotations:
D:3 Ijyb


Message History

Ijyb hits you with a +0 club. Ijyb barely misses you.
The ball python hisses angrily.
You hit Ijyb but do no damage.
Ijyb is moderately wounded.
Ijyb barely misses you.
You closely miss Ijyb.
Ijyb is moderately wounded.
Ijyb hits you with a +0 club.
You hit Ijyb.
Ijyb is heavily wounded.
Ijyb hits you with a +0 club.
The ball python bites you but does no damage.
You hit Ijyb but do no damage.
Ijyb is heavily wounded.
You hit the ball python but do no damage.
Ijyb hits you but does no damage. The ball python bites you.
You hit Ijyb but do no damage.
Ijyb is heavily wounded.
You hit the ball python.
Ijyb screams, "Level is mine!
All mine!"
Ijyb hits you with a +0 club. The ball python barely misses you.
You hit Ijyb but do no damage.
Ijyb is heavily wounded.
You closely miss the ball python. The ball python barely misses you.
Ijyb hits you with a +0 club.
The ball python bites you but does no damage.
Ijyb closely misses you.
You barely miss Ijyb.
Ijyb is heavily wounded.
You barely miss the ball python. The ball python barely misses you.
Ijyb barely misses you.
You closely miss Ijyb.
Ijyb is heavily wounded.
You hit the ball python.
You kill the ball python!
Ijyb hits you with a +0 club.
You hit Ijyb.
Ijyb is heavily wounded.
Ijyb hits you with a +0 club.
You die...

#.......#
#....#
#####..
#.......#
###### #..
#.......#
#..
######.##
#.. #....#
#.... #....#
##### #....
#....# #...#
#....
#....###...#
#....
###.......@#
#...
######.%g# #
##.## ## #.#
#. ... ##.
..... ##..
...##..
##..# ###.
..# ##....
#. #.#
......


You could see Ijyb.

Vanquished Creatures
  2 worms
  A dart slug (D:1)
  3 ball pythons
  4 bats
  7 endoplasms
  2 giant cockroaches (D:2)
  6 goblins
  3 hobgoblins
  4 kobolds
  2 quokkas
  4 frilled lizards
  A rat (D:3)
39 creatures vanquished.

Notes
Turn   | Place    | Note
-------+----------+-------------------------------------------
     0 | D:1      | qw the Ogre Enchanter began the quest for the Orb.
     0 | D:1      | Reached XP level 1. HP: 16/16 MP: 3/3
     0 | D:1      | 0 ||| qw: Version: 0.1-a-102-g441f92d
     0 | D:1      | 0 ||| qw: Game counter: 5103
     0 | D:1      | 0 ||| qw: Always use a shield: true
     0 | D:1      | 0 ||| qw: God list: Okawaru
     0 | D:1      | 0 ||| qw: Allow faded altars: false
     0 | D:1      | 0 ||| qw: Do Orc after D:15 true
     0 | D:1      | 0 ||| qw: Do second Lair branch before Depths: true
     0 | D:1      | 0 ||| qw: Lair rune preference: random
     0 | D:1      | 0 ||| qw: Plans: Normal
     0 | D:1      | 0 ||| PLANNING D:1-11
   141 | D:1      | Found a faded altar of an unknown god.
   206 | D:1      | HP: 4/16 [bat (1)]
   212 | D:1      | Reached skill level 1 in Axes
   470 | D:1      | Reached skill level 1 in Fighting
   470 | D:1      | Reached XP level 2. HP: 16/27 MP: 5/5
   684 | D:1      | 684 ||| SWAPPING to +0 club.
   685 | D:1      | 685 ||| DROPPING +1 dagger.
   730 | D:1      | 730 ||| SWAPPING to +0 spear.
   731 | D:1      | 731 ||| DROPPING +0 club.
   897 | D:1      | 897 ||| Stepping ~*~*~tactically~*~*~ (stealth).
   899 | D:1      | 899 ||| Stepping ~*~*~tactically~*~*~ (stealth).
   904 | D:1      | 904 ||| Stepping ~*~*~tactically~*~*~ (stealth).
   932 | D:1      | 932 ||| Stepping ~*~*~tactically~*~*~ (stealth).
   935 | D:1      | 935 ||| Stepping ~*~*~tactically~*~*~ (stealth).
   939 | D:1      | 939 ||| Stepping ~*~*~tactically~*~*~ (stealth).
  1528 | D:1      | 1528 ||| UPGRADING to +0 cloak.
  1533 | D:1      | 1533 ||| READING scroll labelled QEDENK COOPLEO.
  1534 | D:1      | 1534 ||| READING scroll labelled YFOMUJICUPS.
  1535 | D:1      | 1535 ||| DRINKING 2 glowing coppery potions.
  1636 | D:1      | 1636 ||| DROPPING potion of ambrosia.
  1637 | D:1      | 1637 ||| DROPPING 2 potions of invisibility.
  1701 | D:2      | Reached XP level 3. HP: 13/35 MP: 6/6
  1748 | D:2      | 1748 ||| FLEEEEING.
  1750 | D:2      | 1750 ||| STAIRDANCE
  1904 | D:2      | 1904 ||| Stepping ~*~*~tactically~*~*~ (stealth).
  1908 | D:2      | 1908 ||| Stepping ~*~*~tactically~*~*~ (stealth).
  1909 | D:2      | 1909 ||| Stepping ~*~*~tactically~*~*~ (stealth).
  1914 | D:2      | 1914 ||| Stepping ~*~*~tactically~*~*~ (reaching).
  1916 | D:2      | 1916 ||| Stepping ~*~*~tactically~*~*~ (reaching).
  1918 | D:2      | 1918 ||| Stepping ~*~*~tactically~*~*~ (reaching).
  1919 | D:2      | 1919 ||| Stepping ~*~*~tactically~*~*~ (reaching).
  1921 | D:2      | 1921 ||| Stepping ~*~*~tactically~*~*~ (reaching).
  1923 | D:2      | 1923 ||| Stepping ~*~*~tactically~*~*~ (reaching).
  1924 | D:2      | 1924 ||| Stepping ~*~*~tactically~*~*~ (reaching).
  1926 | D:2      | 1926 ||| Stepping ~*~*~tactically~*~*~ (reaching).
  1928 | D:2      | 1928 ||| Stepping ~*~*~tactically~*~*~ (reaching).
  1994 | D:2      | 1994 ||| SWAPPING to +0 hand axe.
  1995 | D:2      | 1995 ||| DROPPING +1 spear.
  2090 | D:2      | 2090 ||| DROPPING +0 club.
  2123 | D:2      | 2123 ||| Stepping ~*~*~tactically~*~*~ (stealth).
  2244 | D:2      | 2244 ||| Stepping ~*~*~tactically~*~*~ (stealth).
  2245 | D:2      | 2245 ||| Stepping ~*~*~tactically~*~*~ (stealth).
  2255 | D:2      | 2255 ||| Stepping ~*~*~tactically~*~*~ (stealth).
  2641 | D:2      | 2641 ||| READING scroll labelled TUH FEHEWIRA.
  2644 | D:2      | 2644 ||| READING scroll labelled IHAOVE KUTIGA.
  2645 | D:2      | 2645 ||| READING scroll labelled NOIRITIOBU.
  2783 | D:2      | 2783 ||| READING scroll labelled TOOPLILAZOXT.
  2784 | D:2      | 2784 ||| READING scroll labelled JOGHETT SURISCH.
  3349 | D:3      | Noticed Ijyb
  3350 | D:3      | 3350 ||| Stepping ~*~*~tactically~*~*~ (hiding).
  3452 | D:3      | 3452 ||| Stepping ~*~*~tactically~*~*~ (hiding).
  3554 | D:3      | 3554 ||| Stepping ~*~*~tactically~*~*~ (hiding).
  3656 | D:3      | 3656 ||| Stepping ~*~*~tactically~*~*~ (hiding).
  3682 | D:3      | HP: 7/35 [ball python (3)]
  3686 | D:3      | HP: 1/35 [Ijyb/+0 club (4)]
  3687 | D:3      | Slain by Ijyb

Levels and vault maps discovered:
D:1:      dpeg_arrival_castle, layout_basic,
          shapermc_ecumenical_altar_starsandcircs
D:2:      layout_basic, grunt_decor_fettered
D:3:      layout_basic, uniq_ijyb

Skill      XL: |  1  2  3 |
---------------+----------+-----
Axes           | 1 2 |  2.8
Fighting       | 1 2 |  2.0
Short Blades   | |  0.8
Dodging        | |  1.7
Stealth        | |  2.1
Spellcasting   | |  2.4
Hexes          | |  2.6

Action                   || total
-------------------------++-------
Melee: Dagger            ||    29
       Spear             ||    63
       Hand axe          ||    92
       Punch             ||     2
  Use: Scroll            ||     7
       Potion            ||     1
 Stab: Sleeping          ||     2
Armor: Robe              ||    41
Dodge: Dodged            ||    76

Table legend:
 A = Non-vault XP
 B = Vault XP
 C = Vault XP percentage of total XP
 D = Non-vault monster count
 E = Vault monster count
 F = Vault count percentage of total count
                 A         B        C        D         E       F
            +---------+---------+-------+---------+---------+-------
      Total |      76 |       0 |   0.0 |      39 |       0 |   0.0
            +---------+---------+-------+---------+---------+-------
        D:1 |      28 |       0 |   0.0 |      14 |       0 |   0.0
        D:2 |      26 |       0 |   0.0 |      12 |       0 |   0.0
        D:3 |      22 |       0 |   0.0 |      13 |       0 |   0.0
            +---------+---------+-------+---------+---------+-------
